Map: Golden Wall LE

Players

Armani

  • Race: Zerg Zerg
  • Spawn Location: 5:00

Liquidthermy (uThermal) - Winner!

  • Race: Terran Terran
  • Spawn Location: 7:00

Event: StayAtHomestory Cup #2

VOD

Have the link to the VOD?

Description

Time

  • Played on: June 12, 2020, 10:48 a.m.
  • Length: 12:19

All games in this series

Show
View Real Time Build Order
Export as new Build Order

Armani Zerg 

Build Orders: Hatch First, Muta Ling Bane 

Get SALT Encoding   

  12  0:00  Drone  
  13  0:13  Overlord  
  13  0:18  Drone  
  14  0:32  Drone x2  
  16  0:37  Drone  
  17  0:53  Hatchery  
  17  0:57  Drone  
  17  1:00  Drone  
  18  1:12  Extractor  
  18  1:17  Spawning Pool  
  16  1:19  Drone  
  16  1:21  Drone  
  18  1:30  Drone  
  19  1:41  Drone  
  20  1:51  Overlord  
  20  2:04  Queen  
  20  2:05  Queen  
  20  2:06  Zergling x4  
  26  2:13  Metabolic Boost  
  26  2:17  Drone  
  26  2:18  Drone  
  28  2:23  Drone  
  28  2:27  Drone  
  30  2:33  Drone  
  31  2:37  Drone  
  32  2:45  Queen x2  
  32  2:50  Overlord  
  36  3:09  Drone x4  
  40  3:13  Overlord  
  40  3:15  Drone x3  
  43  3:22  Drone  
  43  3:25  Lair  
  44  3:28  Extractor  
  44  3:31  Drone  
  44  3:32  Drone  
  45  3:35  Drone, Baneling Nest  
  45  3:43  Overlord  
  45  3:47  Drone  
  46  3:55  Drone x6  
  51  3:56  Extractor  
  51  3:57  Extractor  
  51  3:58  Overlord  
  51  4:00  Drone  
  50  4:06  Drone  
  50  4:09  Drone  
  52  4:18  Drone  
  52  4:21  Drone  
  54  4:24  Spire  
  54  4:25  Hatchery  
  54  4:27  Drone x2  
  54  4:30  Drone  
  55  4:36  Zergling x6  
  55  4:37  Zergling x2  
  59  4:41  Zergling x2  
  60  4:47  Zergling x2  
  58  4:54  Zergling x2  
  58  4:59  Overlord  
  59  5:02  Zergling x2  
  59  5:09  Zergling x2  
  59  5:10  Zergling x6  
  57  5:14  Queen  
  57  5:20  Zergling x2  
  57  5:21  Zergling x4  
  48  5:38  Mutalisk x3  
  54  5:46  Mutalisk x2  
  57  5:53  Zergling x2  
  46  6:05  Zergling x6  
  46  6:10  Queen  
  43  6:25  Drone  
  43  6:26  Drone x5  
  43  6:27  Drone  
  43  6:28  Drone  
  43  6:31  Drone  
  52  6:33  Drone  
  52  6:38  Queen  
  55  6:41  Drone  
  55  6:44  Drone  
  55  6:45  Drone  
  58  6:51  Centrifical Hooks  
  58  6:55  Drone x2  
  58  7:01  Mutalisk  
  60  7:03  Mutalisk  
  60  7:05  Drone x2  
  66  7:08  Overlord  
  66  7:15  Queen  
  66  7:20  Mutalisk  
  70  7:25  Zergling x2  
  70  7:26  Zergling x4  
  70  7:29  Zergling x8  
  77  7:32  Drone  
  77  7:34  Zerg Flyer Weapons Level 1  
  79  7:37  Drone x2  
  79  7:40  Baneling x4  
  79  7:43  Overlord  
  80  7:46  Drone  
  81  7:53  Evolution Chamber  
  81  7:54  Evolution Chamber  
  81  7:55  Drone x2  
  79  8:08  Drone x8  
  87  8:12  Mutalisk  
  87  8:19  Overlord  
  89  8:21  Overlord  
  89  8:23  Overlord  
  83  8:33  Mutalisk x4  
  88  8:42  Drone x7  
  95  8:51  Zerg Melee Weapons Level 1, Zerg Ground Armor Level 1  
  94  8:55  Zergling x10  
  94  8:58  Baneling  
  94  8:59  Baneling x4  
  98  9:04  Overseer  
  98  9:05  Extractor  
  98  9:07  Zergling x8  
  98  9:08  Extractor  
  100  9:10  Mutalisk  
  102  9:23  Zergling x14  
  109  9:27  Baneling x8  
  109  9:28  Baneling  
  108  9:33  Zergling x6  
  111  9:40  Overlord x2  
  111  9:42  Overlord  
  111  9:43  Hatchery  
  110  9:46  Overlord  
  110  9:49  Overlord  
  105  9:55  Zergling x2  
  105  10:00  Pneumatized Carapace  
  105  10:02  Zergling x16  
  105  10:05  Baneling x6  
  113  10:13  Mutalisk x2  
  113  10:14  Mutalisk  
  113  10:20  Zergling x10  
  122  10:31  Zergling x2  
  122  10:32  Zergling x16  
  122  10:34  Baneling x5  
  131  10:43  Zergling x16  
  130  10:59  Baneling x12  
  130  11:01  Drone x4  
  130  11:02  Drone  
  134  11:08  Zergling x14  
  128  11:24  Zergling x4  
  128  11:25  Zergling x4  
  132  11:36  Baneling  
  132  11:37  Baneling x5  
  132  11:38  Zergling x12  
  138  11:42  Drone  
  139  11:51  Zergling x16  
  139  11:53  Baneling x5  
  147  12:00  Overlord x2  
Show
View Real Time Build Order
Export as new Build Order

Liquidthermy Terran - Winner!

Build Orders:  

Get SALT Encoding   

  12  0:01  SCV  
  13  0:13  SCV  
  14  0:17  Supply Depot  
  14  0:25  SCV  
  15  0:39  SCV, Barracks  
  16  0:43  Refinery  
  16  0:51  SCV  
  17  1:03  SCV  
  18  1:15  SCV  
  19  1:27  Orbital Command  
  19  1:28  Barracks Reactor  
  19  1:41  Command Center  
  19  1:49  Supply Depot  
  19  1:53  SCV  
  20  2:04  Marine x2  
  20  2:05  SCV  
  23  2:10  Factory  
  23  2:17  SCV  
  23  2:18  Refinery  
  23  2:22  Marine x2  
  26  2:29  SCV  
  27  2:39  Marine  
  27  2:40  Marine  
  27  2:41  SCV  
  30  2:52  Orbital Command  
  30  2:53  SCV  
  30  2:55  Starport  
  30  2:56  Factory Reactor  
  30  2:58  Marine  
  32  3:01  Marine  
  33  3:05  SCV  
  34  3:14  Supply Depot  
  34  3:16  Marine  
  34  3:19  SCV, Marine  
  37  3:20  SCV  
  38  3:31  SCV  
  38  3:32  SCV  
  38  3:33  Marine  
  41  3:37  Marine  
  41  3:39  Medivac x2  
  46  3:43  SCV  
  46  3:45  SCV  
  46  3:46  Supply Depot  
  48  3:49  Widow Mine  
  48  3:53  Marine  
  48  3:55  Marine  
  52  3:56  SCV  
  52  4:00  SCV  
  54  4:09  Command Center  
  54  4:16  SCV  
  55  4:18  SCV  
  55  4:20  Supply Depot  
  55  4:23  Hellion x2  
  60  4:25  Barracks Tech Lab  
  60  4:29  SCV  
  61  4:32  SCV  
  61  4:33  Supply Depot  
  62  4:41  Liberator  
  62  4:42  Liberator  
  68  4:47  Hellion  
  70  4:54  SCV  
  70  4:55  Hellion  
  70  4:59  SCV  
  71  5:08  Hellion  
  71  5:11  SCV  
  66  5:31  Stimpack, Marine  
  66  5:32  Starport Reactor  
  66  5:35  SCV, Engineering Bay  
  60  5:36  Engineering Bay, Refinery, Barracks x2  
  60  5:37  SCV, Refinery  
  60  5:38  Supply Depot  
  60  5:39  Factory Reactor  
  60  5:42  Supply Depot  
  60  5:46  Orbital Command  
  60  5:47  SCV  
  60  5:48  Marine  
  62  5:51  SCV  
  63  5:59  SCV  
  63  6:03  SCV  
  63  6:06  Marine  
  63  6:07  Terran Infantry Weapons Level 1  
  63  6:08  Barracks x2, Terran Infantry Armor Level 1  
  63  6:11  SCV, Medivac  
  63  6:12  SCV  
  63  6:15  SCV  
  63  6:23  SCV  
  63  6:24  Marine  
  59  6:25  Missile Turret  
  59  6:26  Marine x3  
  59  6:29  SCV  
  59  6:31  Marine  
  62  6:33  Missile Turret  
  62  6:36  Missile Turret x2  
  62  6:39  Medivac  
  64  6:40  SCV x2  
  64  6:42  Marine  
  64  6:44  Marine  
  64  6:46  Widow Mine  
  70  6:47  Widow Mine, Marine  
  70  6:50  Medivac  
  73  6:54  Marine x2  
  73  6:59  Barracks Reactor x2  
  76  7:02  SCV  
  76  7:03  Missile Turret  
  76  7:04  SCV  
  76  7:07  Refinery, Widow Mine  
  82  7:08  Widow Mine  
  82  7:11  SCV, Missile Turret  
  82  7:12  Marine  
  82  7:14  Marine x2  
  84  7:16  Marine  
  84  7:18  Medivac  
  86  7:23  SCV, Supply Depot x2  
  86  7:25  Marine  
  86  7:28  SCV  
  90  7:30  Marine  
  90  7:32  SCV  
  90  7:33  Armory, Marine  
  90  7:35  SCV  
  93  7:37  Widow Mine  
  93  7:38  Combat Shield  
  93  7:42  Refinery  
  93  7:43  Marine  
  96  7:44  Supply Depot, Marine  
  96  7:45  Marine  
  96  7:46  Marine  
  96  7:47  Marine  
  96  7:50  Medivac  
  101  7:51  Supply Depot  
  101  7:52  Marine  
  101  7:54  Widow Mine  
  101  7:56  Marine  
  101  7:58  Marine x2  
  107  7:59  Widow Mine  
  107  8:02  Marine  
  107  8:03  Marine  
  110  8:10  SCV, Marine  
  109  8:14  Marine  
  109  8:16  Barracks Reactor, Command Center, Marine x2  
  109  8:18  Marine  
  113  8:21  SCV, Marine  
  113  8:24  Marine  
  113  8:25  SCV  
  113  8:26  Widow Mine  
  113  8:27  Widow Mine  
  119  8:28  Marine  
  119  8:32  Marine  
  119  8:33  Terran Infantry Armor Level 2, Marine, Terran Infantry Weapons Level 2  
  122  8:35  Medivac, Terran Vehicle And Ship Armor Level 1, Marine x2  
  122  8:39  Marine  
  122  8:40  SCV  
  128  8:41  SCV  
  128  8:42  Marine  
  128  8:46  Supply Depot x2, Marine  
  130  8:50  Marine  
  130  8:51  Medivac, Marine  
  130  8:52  Marine  
  130  8:53  Marine x3  
  132  8:56  Widow Mine x2  
  132  8:57  Marine  
  132  9:00  Marine  
  138  9:04  Marine  
  138  9:05  Factory  
  138  9:06  Supply Depot  
  138  9:07  Medivac  
  138  9:08  Marine  
  138  9:09  Marine  
  143  9:10  Marine  
  143  9:11  SCV, Marine  
  143  9:13  Marine  
  143  9:15  Supply Depot, Marine  
  143  9:16  Marine  
  149  9:17  SCV, Supply Depot  
  149  9:18  Marine  
  149  9:21  Marine  
  150  9:24  Widow Mine  
  150  9:25  Widow Mine  
  150  9:28  Supply Depot  
  154  9:32  Supply Depot, Marine x2  
  154  9:34  Marine  
  157  9:39  Marine x2  
  149  9:48  Marine x2  
  149  9:50  Widow Mine x2, Factory Tech Lab  
  153  9:53  Missile Turret  
  153  9:54  SCV x2  
  153  9:55  SCV, Missile Turret  
  156  10:00  Marine x2  
  156  10:02  Medivac x2  
  156  10:05  Marine  
  156  10:06  Missile Turret  
  156  10:07  Missile Turret  
  161  10:14  Thor  
  167  10:16  Drilling Claws  
  167  10:19  Marine x3  
  167  10:20  Marine  
  171  10:21  Marine  
  171  10:22  Marine  
  171  10:26  Marine x2  
  171  10:27  Marine  
  176  10:29  Widow Mine  
  176  10:33  Planetary Fortress  
  178  10:36  Marine  
  178  10:40  Marine x3, Widow Mine  
  178  10:41  Marine  
  185  10:44  Medivac  
  185  10:46  Medivac  
  158  10:57  Marine x2  
  160  11:07  Command Center  
  156  11:11  Thor  
  156  11:13  Widow Mine x2  
  156  11:14  Medivac, Marine  
  156  11:15  Marine  
  170  11:19  Marine x3  
  170  11:20  Marine  
  170  11:25  Marine x3  
  176  11:33  Marine  
  176  11:34  Marine  
  176  11:37  Barracks  
  176  11:38  Widow Mine  
  176  11:39  Barracks  
  180  11:40  Barracks  
  180  11:41  Widow Mine  
  182  11:49  Marine x2  
  182  11:50  Marine  
  182  11:52  Marine  
  186  11:57  Command Center  
  185  12:01  Marine  
Tags
 
Add a new tag
Caveats
  • Supply blocks, unpowered buildings, or Contaminate may cause inaccurate times.
  • Supply counts are checked every 10 seconds.